 Dungeon Crawl Stone Soup version 0.17-a0-1564-g7b572aa (webtiles) character file.

3388 urechis the Grappler (level 9, -9/93 HPs)
             Began as a Troll Monk on July 21, 2015.
             Killed from afar by Erica (12 damage)
             ... with an orb of energy
             ... on level 8 of the Dungeon.
             The game lasted 00:09:08 (5464 turns).

urechis the Grappler (Troll Monk)                   Turns: 5464, Time: 00:09:08

Health: -9/93      AC:  5    Str: 24      XL:     9   Next: 74%
Magic:  8/8        EV: 18    Int:  8 (11) God:
Gold:   570        SH:  0    Dex: 17      Spells: 0 memorised, 8 levels left

rFire  . . .     SeeInvis +       - Unarmed
rCold  . . .     Clarity  .     z - +0 robe
rNeg   . . .     SustAt   .     (no shield)
rPois  .         Gourm    +     (helmet restricted)
rElec  .         Spirit   .     (no cloak)
rCorr  .         Warding  .     (gloves unavailable)
rMut   .         Stasis   .     (boots unavailable)
MR     .....                    (no amulet)
Stlth  +++.......               S - ring of see invisible
                                i - +2 ring of evasion

@: brilliant, agile, not resistant to hostile enchantments, fairly stealthy
A: unfitting armour, claws 3, fast metabolism 3, gourmand, regeneration 2,
shaggy fur 1, tough skin 2
a: no special abilities


You were on level 8 of the Dungeon.
You were not hungry.

You visited 2 branches of the dungeon, and saw 9 of its levels.

You collected 570 gold pieces.

Inventory:

Hand weapons
 a - a +0 blowgun
Missiles
 c - 7 tomahawks (quivered)
 t - 33 poisoned needles
 x - 6 javelins
 F - 3 curare-tipped needles
 I - 5 needles of confusion
 N - 8 needles of frenzy
 O - 2 needles of paralysis
 P - 2 large rocks
 Q - a throwing net
Armour
 z - a +0 robe (worn)
Jewellery
 i - a +2 ring of evasion (left claw)
 S - a ring of see invisible (right claw)
Magical devices
 o - a wand of random effects (10)
 C - a wand of frost (22)
 D - a wand of polymorph (11)
 K - a wand of magic darts (23)
 M - a wand of paralysis (18)
Scrolls
 d - 2 scrolls of enchant armour {unknown}
 f - 3 scrolls of enchant weapon {unknown}
 g - 10 scrolls of identify {unknown}
 j - a scroll of blinking {unknown}
 k - 2 scrolls of immolation {unknown}
 n - a scroll of fear {unknown}
 p - 5 scrolls of remove curse {unknown}
 s - a scroll of magic mapping {unknown}
 u - a scroll of random uselessness {unknown}
 v - 3 scrolls of teleportation {unknown}
 y - 3 scrolls of fog {unknown}
 H - a scroll of noise {unknown}
 L - a scroll of amnesia {unknown}
Potions
 e - a potion of brilliance
 h - a potion of curing {unknown}
 l - 2 potions of agility
 m - a potion of degeneration
 r - a potion of might {unknown}
 w - a potion of heal wounds {unknown}
 A - a potion of lignification {unknown}
 J - a potion of poison {unknown}
 R - a potion of cure mutation {unknown}
Books
 T - a book of Ice

   Spells                             Type                      Level
   a - Ice Form                       Ice/Transmutation            4
   b - Metabolic Englaciation         Hexes/Ice                    5
   c - Ozocubu's Refrigeration        Ice                          6
   d - Bolt of Cold                   Conjuration/Ice              6
   e - Freezing Cloud                 Conjuration/Ice/Air          6
   f - Simulacrum                     Ice/Necromancy               6
Comestibles
 b - 9 bread rations
 q - 7 fruits
 B - 3 meat rations
 E - 2 beef jerkies
 G - a slice of pizza
 U - 3 chunks of flesh


   Skills:
 + Level 7.2 Fighting
 - Level 2.4 Dodging
 - Level 1.1 Stealth
 * Level 11.8 Unarmed Combat


You had 8 spell levels left.
You didn't know any spells.

Dungeon Overview and Level Annotations

Branches:
Dungeon (8/15)             Temple (1/1) D:7
   Lair: D:8-11

Altars:
Ashenzari
Cheibriados
Dithmenos
Elyvilon
Fedhas
Gozag
Kikubaaqudgha
Makhleb
Nemelex Xobeh
Okawaru
Qazlal
Ru
Sif Muna
Trog
Vehumet
Xom
Yredelemnul
Zin
The Shining One

Annotations:
D:8 Erica


Innate Abilities, Weirdness & Mutations

You are too large for most types of armour.
You have claws for hands.
Your metabolism is lightning-fast.
You like to eat raw meat.
You heal very quickly.
You are covered in fur (AC +1).
You have very tough skin (AC +2).


Message History

You barely miss Erica.
Erica is heavily wounded.
Erica hits you with a scimitar of flaming.
* * * LOW HITPOINT WARNING * * *
Erica burns you.
* * * LOW HITPOINT WARNING * * *
Drink which item? (? for menu, Esc to quit)
It was a potion of brilliance.
You feel clever all of a sudden.
You closely miss Erica.
Erica is heavily wounded.
Erica zaps a wand.
The bolt of negative energy misses you.
It is a wand of draining.
Drink which item? (? for menu, Esc to quit)
It was a potion of degeneration.
There was something very wrong with that liquid.
You feel dopey.
Erica points at you and mumbles some strange words.
The orb of energy hits you!
You die...

#+# #.....# .... #.....#
....###+#######.....##.
.............H..........
.........................
...........o.............
#.<..##†####...##... +###
#....##.####+### ###
....##....#>.)..@...#
..........#.....#@..#
..........#.....#...#
..........'.....#...'.
....##....#.....#...#...
######....###..##...# ..
....##....###..# ...# #
....................#
..................


You could see Erica (bleeding).

Vanquished Creatures
  A wyvern (D:8)
  3 yaks (D:8)
  A hungry ghost (D:5)
  A water moccasin (D:8)
  2 ice beasts
  2 orc warriors
  A phantom (D:6)
  6 ogres
  A big kobold (D:7)
  Blork the orc (D:4)
  A giant frog (D:8)
  3 scorpions (D:5)
  6 wights
  A jelly (D:8)
  3 crimson imps
  3 centaur skeletons
  A gnoll shaman (D:6)
  4 orc priests
  An iguana (D:6)
  4 hounds
  Natasha (thrice) (D:2)
  5 orc wizards
  4 worker ants
  A hound zombie (D:7)
  Robin (D:4)
  7 adders
  3 gnolls (D:6)
  2 shadow imps
  An ooze (D:1)
  An adder skeleton (D:4)
  4 adder zombies
  2 worms
  A giant gecko (D:5)
  17 orcs
  8 bats
  A bat zombie (D:7)
  5 giant cockroaches
  12 hobgoblins
  11 jackals
  17 kobolds
  2 quokkas (D:2)
  3 ball pythons
  11 giant newts
  18 goblins
  A jackal zombie (D:6)
  17 rats
  2 fungi (D:2)
206 creatures vanquished.

Vanquished Creatures (others)
  A fungus (D:2)
1 creature vanquished.

Grand Total: 207 creatures vanquished

Notes
Turn   | Place    | Note
--------------------------------------------------------------
     0 | D:1      | urechis the Troll Monk began the quest for the Orb.
     0 | D:1      | Reached XP level 1. HP: 22/22 MP: 0/0
   216 | D:1      | Reached XP level 2. HP: 29/29 MP: 1/1
   915 | D:2      | Reached XP level 3. HP: 28/36 MP: 2/2
  1277 | D:2      | Found a white marble altar of Elyvilon.
  1277 | D:2      | Found a glowing silver altar of Zin.
  1277 | D:2      | Found a glowing golden altar of the Shining One.
  1304 | D:2      | Noticed Natasha
  1314 | D:2      | Killed Natasha
  1314 | D:2      | Reached skill level 5 in Unarmed Combat
  1314 | D:2      | Reached XP level 4. HP: 37/45 MP: 3/3
  1352 | D:2      | Noticed Natasha
  1359 | D:2      | Killed Natasha
  1440 | D:2      | Found a burning altar of Makhleb.
  1441 | D:2      | Found an iron altar of Okawaru.
  1580 | D:2      | Noticed Natasha
  1589 | D:2      | Killed Natasha
  1680 | D:3      | Reached XP level 5. HP: 51/53 MP: 4/4
  1787 | D:3      | Noticed an ogre
  1795 | D:3      | Killed an ogre
  1795 | D:3      | Reached skill level 6 in Unarmed Combat
  2211 | D:4      | Reached XP level 6. HP: 62/62 MP: 5/5
  2353 | D:4      | Noticed Robin
  2362 | D:4      | Killed Robin
  2479 | D:4      | Noticed Blork the orc
  2498 | D:4      | Killed Blork the orc
  2695 | D:4      | Reached skill level 7 in Unarmed Combat
  2816 | D:4      | Reached XP level 7. HP: 70/70 MP: 6/6
  3322 | D:5      | Entered Level 5 of the Dungeon
  3498 | D:5      | Reached skill level 8 in Unarmed Combat
  3569 | D:5      | Reached skill level 5 in Fighting
  3621 | D:5      | Reached XP level 8. HP: 67/80 MP: 7/7
  3698 | D:5      | Reached skill level 9 in Unarmed Combat
  3842 | D:6      | Found a deep blue altar of Sif Muna.
  3897 | D:6      | Found an opulent altar of Gozag.
  4142 | D:6      | Reached skill level 10 in Unarmed Combat
  4272 | D:7      | Found a staircase to the Ecumenical Temple.
  4282 | Temple   | Entered the Ecumenical Temple
  4572 | D:7      | Reached XP level 9. HP: 60/89 MP: 8/8
  5255 | D:8      | Reached skill level 11 in Unarmed Combat
  5456 | D:8      | Noticed Erica
  5461 | D:8      | HP: 3/93 [Erica/scimitar of flaming (6)]
  5461 | D:8      | HP: 1/93 [Erica/scimitar of flaming (2)]
  5464 | D:8      | Killed from afar by Erica

Vault maps used:
D:1:      sevenhm_arrival_forest_fort_small_3
D:2:      good_gods_mini_temple, gammafunk_temple_overflow_pools,
          hangedman_decor_growths, minmay_misc_feat_roman,
          minmay_gold_behind_fungi, uniq_natasha
D:4:      uniq_blork_the_orc, uniq_robin
D:5:      first_bread
D:6:      grunt_temple_overflow_open, kennysheep_crisscross
D:7:      minmay_temple_entry_hall
D:8:      blue_anna_alchemist, uniq_erica
Temple:   eino_temple_water_12

Action                   |  1- 3 |  4- 6 |  7- 9 || total
-------------------------+-------+-------+-------++-------
Melee: Unarmed           |   126 |   172 |   310 ||   608
  Use: Potion            |       |       |     3 ||     3
 Stab: Sleeping          |     5 |     3 |     4 ||    12
       Distracted        |       |       |     1 ||     1
  Eat: Chunk             |    11 |    20 |    20 ||    51
